 Dungeon Sprint DCSS version 0.30.1-4-g462c640d31 (webtiles) character file.

Game seed: 8831907336987035369

297 Heoruswealwe the Prestidigitator (level 6, -20/29 HPs)
             Began as a Spriggan Artificer on Aug 26, 2023.
             Shot with an arrow by a centaur warrior (26 damage)
             ... in the Dungeon (Sprint I: "Red Sonja").
             The game lasted 00:03:08 (126 turns).

Heoruswealwe the Prestidigitator (SpAr)              Turns: 126, Time: 00:03:08

Health: -20/29     AC:  2    Str:  8    XL:     6   Next: 12%
Magic:  7/7        EV: 22    Int: 15    God:
Gold:   351        SH:  0    Dex: 15    Spells: 5/5 levels left

rFire   . . .        a - +0 club
rCold   . . .        (no shield)
rNeg    . . .        c - +0 robe
rPois   .            (helmet restricted)
rElec   .            (no cloak)
rCorr   .            (gloves unavailable)
SInv    +            (boots unavailable)
Will    +....        (no amulet)
Stlth   ++           (no ring)
HPRegen 0.24/turn    (no ring)
MPRegen 0.10/turn

%: no teleportation
@: slow
A: very small, no large weapons, unfitting armour, see invisible, speed 3
a: no special abilities


You were in the Dungeon.
You visited 1 branch You collected 351 gold pieces.

Inventory:

Hand Weapons
 a - a +0 club (weapon)
Armour
 c - a +0 robe (worn)
Wands
 b - a wand of flame (3) (quivered)
 d - a wand of charming (13)
 e - a wand of iceblast (2)
 l - a wand of digging (6)
Scrolls
 k - 2 scrolls of blinking
 m - a scroll of enchant armour {unknown}
Potions
 f - a potion of curing
 g - a potion of heal wounds
 h - a potion of haste
 i - 2 potions of magic
 j - 2 potions of berserk rage


   Skills:
 - Level 0.7 Fighting
 + Level 9.0 Dodging
 + Level 10.1 Stealth
 * Level 12.4 Evocations


You had 5 spell levels left.
You didn't know any spells.
Your spell library was empty.

Dungeon Overview and Level Annotations

Branches:
Dungeon (1/1)

Altars:
Cheibriados
Dithmenos
Elyvilon
Fedhas
Hepliaklqana
Kikubaaqudgha
Okawaru
Qazlal
Ru
Sif Muna
Trog
Uskayaw
Vehumet
Wu Jian
Yredelemnul
Zin
The Shining One

Shops:
D [


Innate Abilities, Weirdness & Mutations

You are very small and have problems with some larger weapons.
You are too small for most types of armour.
You have supernaturally acute eyesight. (SInv)
You cover ground extremely quickly. (Speed+++)


Message History

You now have 324 gold pieces (gained 27).
You now have 351 gold pieces (gained 27).
There is an open door here.
You open the door.
A yak comes into view.
Found Facet's Antique Armour Emporium.
Found fourteen altars.
Aiming: Charm
Press: ? - help, Shift-Dir - straight line, f - yak
Aim: a yak (asleep, chance to affect: 74%)
The yak struggles to resist.
Aiming: Charm
Press: ? - help, Shift-Dir - straight line, f/p - yak
Aim: a yak (chance to affect: 74%)
The yak is charmed.
There is an ornate altar of the Wu Jian Council here.
You open the door.
A centaur warrior comes into view.
The centaur warrior moves out of view.
Found 9 gold pieces and a leather armour.
A centaur warrior comes into view.
There is an open door here.
You enter the shallow water.
Moving in this stuff is going to be slow.
The centaur warrior moves out of view.
There is an open door here.
You swap places.
You swap places.
There is an open door here.
You enter the shallow water.
Moving in this stuff is going to be slow.
The centaur warrior shouts!
The centaur warrior wields a +0 shortbow.
The centaur warrior shoots an arrow.
The arrow hits you!!
Ouch! That really hurt!
* * * LOW HITPOINT WARNING * * *
The centaur warrior wields a +0 shortbow.
The centaur warrior shoots an arrow.
The arrow completely misses you.
The centaur warrior shoots an arrow.
The arrow hits you!!
Ouch! That really hurt!
You die...

##############
.#..').#..'..#
.'..#..').#..+
)#####'#####'# ###
.# #..#...#.####§[#
.#__####..##.#~§§§c#
.#_____##'#_.§Y§@§.+
⌠#_.∩...'..._#§§§§c#
.#_..__##_.#'##+####
.#___ ##+#.# ### ###


You could see 2 centaur warriors and a friendly yak (charmed).

Vanquished Creatures
  Sigmund (D)
  An ogre (D)
  A jelly (D)
  Ijyb (D)
4 creatures vanquished.

Notes
Turn   | Place    | Note
-------+----------+-------------------------------------------
     0 | D        | Heoruswealwe the Spriggan Artificer began the quest for the
                  | Orb.
     0 | D        | Reached XP level 1. HP: 9/9 MP: 2/2
     1 | D        | Noticed Ijyb
     7 | D        | Killed Ijyb
     8 | D        | Reached skill level 6 in Evocations
     8 | D        | Reached XP level 2. HP: 14/14 MP: 3/3
    29 | D        | Noticed an ogre
    31 | D        | Killed an ogre
    32 | D        | Reached skill level 9 in Evocations
    32 | D        | Reached XP level 3. HP: 17/17 MP: 4/4
    32 | D        | Reached XP level 4. HP: 21/21 MP: 5/5
    43 | D        | Noticed Sigmund
    48 | D        | Killed Sigmund
    49 | D        | Reached skill level 12 in Evocations
    49 | D        | Reached XP level 5. HP: 20/25 MP: 6/6
    49 | D        | Reached XP level 6. HP: 23/29 MP: 7/7
    76 | D        | Found an ornate altar of the Wu Jian Council.
    76 | D        | Found a shimmering blue altar of Sif Muna.
    82 | D        | Reached skill level 10 in Stealth
    83 | D        | Found a radiant altar of Vehumet.
   111 | D        | Found Facet's Antique Armour Emporium.
   111 | D        | Found an ancient bone altar of Kikubaaqudgha.
   111 | D        | Found a hazy altar of Hepliaklqana.
   111 | D        | Found a stormy altar of Qazlal.
   111 | D        | Found a hide-covered altar of Uskayaw.
   111 | D        | Found a blossoming altar of Fedhas.
   111 | D        | Found a bloodstained altar of Trog.
   111 | D        | Found an iron altar of Okawaru.
   111 | D        | Found a basalt altar of Yredelemnul.
   111 | D        | Found a glowing golden altar of the Shining One.
   111 | D        | Found a snail-covered altar of Cheibriados.
   111 | D        | Found a sacrificial altar of Ru.
   111 | D        | Found a glowing silver altar of Zin.
   111 | D        | Found a shadowy altar of Dithmenos.
   111 | D        | Found a white marble altar of Elyvilon.
   111 | D        | Noticed a yak
   118 | D        | Noticed a centaur warrior
   120 | D        | Noticed a centaur warrior
   126 | D        | Shot with an arrow by a centaur warrior

Illustrated notes

Levels and vault maps discovered:
D:        dungeon_sprint_1 [red_sonja_temple_1, red_sonja_temple_small_1]

Skill      XL: |  1  2  3  4  5  6 |
---------------+-------------------+-----
Dodging        | 4 6 8 9 |  9.0
Stealth        | 4 7 9 10 | 10.1
Evocations     | 6 9 12 | 12.4
Fighting       | |  0.7

Action                     |  1- 3 |  4- 6 || total
---------------------------+-------+-------++-------
  Evoke: Wand              |     8 |    10 ||    18
  Dodge: Dodged            |     1 |     2 ||     3
